cohdb
Replays
Latest Replays
All Replays
Popular Replays
Top Player Replays
Match Explorer
How It Works
Community
CoH3 Stats
Reddit
Sign in to upload your games and track your stats! →
Sign in with Steam
Match 45369035
Unlisted
Match 45369035
Overview
Messages
Build Orders
End
Construct Infanterie Kompanie
Kettenkrad Recon Vehicle
Selects Terror Battlegroup
Selects Machine Gun Camouflage
MG 42 Machine Gun Team
GrW 34 Mortar Team
Medical Station
Grenadier Squad
Grenadier Squad
Infanterie Officer Quarters
Selects Contempt for the Weak
MG 42 Machine Gun Team
Construct Luftwaffe Kompanie
Jäger Squad
Luftwaffe Officer Quarters
Jäger Squad
Construct Panzer Kompanie
Panzer IV Medium Tank
Selects No Quarter
Jäger Squad
Jäger Squad
Selects Propaganda Leaflet Drop
GrW 34 Mortar Team
Jäger Squad
Panzer IV Medium Tank
Panzer IV Medium Tank
Selects V1 Rocket Strike
Propaganda Leaflet Drop
Elite Unit
Bubbciss
0
0
Comments
sign in to comment!
No comments posted yet!